Map: King's Cove LE

Players

ȎlȎ

  • Race: Protoss Protoss
  • League: Master
  • Spawn Location: 11:00

Mez - Winner!

  • Race: Terran Terran
  • League: Master
  • Spawn Location: 5:00

VOD

Have the link to the VOD?

Description

Time

  • Played on: Aug. 7, 2019, 3:26 p.m.
  • Length: 5:42
Show
View Real Time Build Order
Export as new Build Order

ȎlȎ Protoss 

Build Orders: Dark Templar Rush 

Get SALT Encoding   

  12  0:00  Probe  
  13  0:13  Probe  
  14  0:18  Pylon  
  14  0:24  Probe  
  15  0:32  Probe  
  15  0:40  Probe  
  15  0:41  Pylon  
  16  0:46  Assimilator  
  17  0:51  Probe  
  18  1:01  Gateway  
  18  1:06  Probe  
  19  1:18  Probe  
  20  1:38  Nexus  
  20  1:46  Zealot  
  20  1:50  Cybernetics Core  
  20  1:59  Probe  
  23  2:06  Assimilator  
  23  2:08  Zealot  
  25  2:18  Pylon  
  25  2:27  Probe  
  26  2:34  Shield Battery  
  26  2:37  Stalker  
  26  2:39  Probe  
  29  2:51  Probe  
  28  3:00  Probe  
  28  3:03  Probe, Twilight Council  
  30  3:12  Probe  
  31  3:15  Warp Gate  
  31  3:18  Probe  
  30  3:22  Probe  
  30  3:23  Stalker  
  33  3:30  Probe x2  
  34  3:38  Probe  
  35  3:42  Probe, Dark Shrine  
  35  3:48  Probe  
  37  3:49  Gateway  
  38  3:56  Probe  
  39  4:04  Probe  
  39  4:05  Probe  
  39  4:08  Pylon  
  41  4:13  Probe  
  41  4:15  Gateway  
  41  4:17  Probe  
  42  4:21  Probe  
  43  4:26  Robotics Facility  
  43  4:28  Gateway  
  44  4:32  Probe  
  44  4:35  Shield Battery  
  37  5:03  Dark Templar  
  37  5:09  Dark Templar  
  36  5:17  Probe x2  
  37  5:27  Zealot  
  33  5:29  Zealot  
  33  5:30  Nexus  
  34  5:40  Assimilator  
Show
View Real Time Build Order
Export as new Build Order

Mez Terran - Winner!

Build Orders: Reaper Expand 

Get SALT Encoding   

  12  0:00  SCV  
  13  0:13  SCV  
  14  0:18  Supply Depot  
  14  0:25  SCV  
  15  0:40  SCV, Barracks  
  16  0:47  Refinery  
  16  0:52  SCV  
  17  1:04  SCV  
  18  1:16  SCV  
  19  1:28  Orbital Command  
  19  1:30  Reaper  
  20  1:45  Command Center  
  20  1:54  Barracks  
  20  1:57  SCV  
  21  2:03  Barracks Reactor  
  21  2:11  Barracks  
  21  2:14  SCV  
  22  2:18  Supply Depot  
  22  2:26  SCV  
  22  2:40  Marine x2  
  22  2:41  Marine  
  24  3:03  Marine x3  
  26  3:16  Barracks Tech Lab  
  25  3:22  SCV, Marine  
  25  3:23  Marine  
  28  3:27  Marine  
  28  3:32  Orbital Command  
  29  3:34  SCV  
  29  3:36  Concussive Shells, Marauder  
  29  3:40  Marine  
  33  3:42  Marine  
  33  3:45  Marine  
  33  3:47  SCV  
  36  3:50  Command Center  
  36  3:59  SCV, Marine x2  
  36  4:01  SCV  
  40  4:05  Marine x2  
  42  4:11  SCV  
  42  4:13  SCV  
  44  4:20  Refinery  
  44  4:22  Refinery  
  44  4:23  Engineering Bay, SCV  
  45  4:25  SCV  
  46  4:42  Supply Depot  
  46  4:44  Supply Depot  
  46  4:50  Marine  
  46  4:56  Marine  
  46  5:01  Marine x2  
  46  5:02  SCV x2  
  46  5:06  Orbital Command  
  50  5:08  Marine  
  50  5:12  Factory  
  51  5:14  SCV x2, Marine  
  51  5:19  Missile Turret, Marine  
  53  5:26  SCV x2  
  55  5:34  Missile Turret  
Tags
 
Add a new tag
Caveats
  • Supply blocks, unpowered buildings, or Contaminate may cause inaccurate times.
  • Supply counts are checked every 10 seconds.